 Dungeon Crawl Stone Soup version 0.27-a0-1154-gfdeffcb720 (webtiles) character file.

Game seed: 12455046032379610444

12614 leviel the Cleaver (level 11, -1/100 HPs)
             Began as a Minotaur Fighter on May 14, 2021.
             Was a Priest of Jiyva.
             Asphyxiated
             ... on level 12 of the Dungeon.
             The game lasted 00:25:47 (12483 turns).

leviel the Cleaver (Minotaur Fighter)              Turns: 12483, Time: 00:25:48

Health: -1/100     AC: 28    Str: 22    XL:     11   Next: 64%
Magic:  13/13      EV:  6    Int:  7    God:    Jiyva [***...]
Gold:   348        SH: 12    Dex: 10    Spells: 10/10 levels left

rFire    . . .     SeeInvis .   a - +0 war axe
rCold    . . .     Faith    .   c - +0 kite shield
rNeg     . . .     Spirit   .   p - +9 plate armour
rPois    .         Reflect  .   m - +1 hat
rElec    .         Harm     .   y - +0 cloak
rCorr    +         Rampage  .   (no gloves)
Will     .....                  A - +1 pair of boots {Fly}
Stlth    ..........             f - amulet of regeneration
HPRegen  1.26/turn              (no ring)
MPRegen  0.13/turn              (no ring)

@: lethally poisoned (-1 -> -26), flying, slowed, very slow
A: horns 2, retaliatory headbutt
a: Renounce Religion, Request Jelly


You were on level 12 of the Dungeon.
You worshipped Jiyva.
Jiyva was most pleased with you.
You visited 2 branches of the dungeon, and saw 13 of its levels.
You also visited: Ossuary.

You collected 655 gold pieces.
You spent 250 gold pieces at shops.
You donated 57 gold pieces to Zin.

Inventory:

Hand Weapons
 a - a +0 war axe (weapon)
 b - a +1 whip of electrocution
Missiles
 g - 8 silver javelins
 B - 2 curare-tipped darts
Armour
 c - a +0 kite shield (worn)
 m - a +1 hat (worn)
 p - a +9 plate armour (worn)
 y - a +0 cloak (worn)
 A - a +1 pair of boots of flying (worn)
Jewellery
 f - an amulet of regeneration (around neck)
 k - an amulet of reflection
 v - a +4 ring of protection
Wands
 h - a wand of charming (13)
 E - a wand of acid (4) (quivered)
Scrolls
 d - a scroll of summoning
 e - 4 scrolls of identify {@r1}
 j - 3 scrolls of teleportation
 n - 2 scrolls of magic mapping
 q - 3 scrolls of fog
 s - a scroll of amnesia
 D - 2 scrolls of immolation
Potions
 i - 2 potions of curing
 l - 3 potions of heal wounds
 o - 2 potions of brilliance
 r - a potion of attraction
 t - a potion of flight {unknown}
 u - 3 potions of haste
 w - a potion of magic
 C - a potion of invisibility


   Skills:
 + Level 10.2 Fighting
 * Level 13.5 Axes
 + Level 10.3 Armour
 - Level 1.1 Dodging
 + Level 10.3 Shields
 + Level 4.8 Invocations


You had 10 spell levels left.
You didn't know any spells.
Your spell library was empty.

Dungeon Overview and Level Annotations

Branches:
Dungeon (12/15)            Temple (1/1) D:4            Lair (0/6) D:11
    Orc (0/2) D:11        Ossuary (visited)

Altars:
Ashenzari
Cheibriados
Dithmenos
Elyvilon
Fedhas
Gozag
Hepliaklqana
Kikubaaqudgha
Makhleb
Nemelex Xobeh
Okawaru
Qazlal
Ru
Sif Muna
Trog
Uskayaw
Vehumet
Wu Jian
Xom
Yredelemnul
Zin
The Shining One
Jiyva

Shops:
D:3 (   D:5 *   D:6 [

Annotations:
D:8 2 transporters
D:12 Sonja


Innate Abilities, Weirdness & Mutations

You have a pair of horns on your head.
You reflexively headbutt those who attack you in melee.


Message History

You feel very sick.
You feel very sick.
You feel very sick.
Sonja shouts!
You feel sick.
Sonja plants her feet in a plie.
Sonja throws a curare-tipped dart.
You block the curare-tipped dart.
You feel sick.
You feel sick.
You feel sick.
You are no longer poisoned.
Sonja mumbles some strange words.
Sonja blinks!
Sonja plants her feet in a plie.
Sonja throws a curare-tipped dart.
You block the curare-tipped dart.
Sonja bows elegantly.
Sonja mumbles some strange words.
Sonja blinks!
Sonja throws a curare-tipped dart.
The curare-tipped dart hits you.
You are poisoned.
You have difficulty breathing.
* * * LOW HITPOINT WARNING * * *
You feel as though you will be slow longer.
Found a spear.
You feel very sick.
Sonja throws a curare-tipped dart.
The curare-tipped dart hits you.
You are more poisoned.
You have difficulty breathing.
* * * LOW HITPOINT WARNING * * *
You feel as though you will be slow longer.
You feel very sick.
Sonja throws a curare-tipped dart.
The curare-tipped dart hits you.
You are more poisoned.
You have difficulty breathing.
* * * LOW HITPOINT WARNING * * *
You feel as though you will be slow longer.
Sonja throws a curare-tipped dart.
The curare-tipped dart hits you.
You are more poisoned.
You have difficulty breathing.
You die...

#........####.#........
##.....##...##..........
.....(...............[.#
..........#.............
........................
.......<.....[..........
.........##>.#.....≈≈≈..
##.......#...##...≈≈≈≈≈.
....#.#@###..........≈≈#
... ###...K...#..#≈≈≈≈≈.
.# #..)....##...≈≈≈##
#[.##.#.###K......
#....###../........
##.... #.####....#.
#.... ... #.....<
........# #..<...
..)..## .......


You could see Sonja.

Vanquished Creatures
  3 two-headed ogres
  Pikel (D:5)
  A manticore (D:12)
  An ugly thing (D:11)
  2 cyclopes (D:11)
  A komodo dragon (D:11)
  5 trolls
  A slime creature (D:10)
  Grinder (D:4)
  A shadow (D:9)
  A wyvern (D:9)
  10 yaks
  A vampire (D:11)
  2 wraiths
  Grum (D:8)
  2 steam dragons
  Menkaure (Ossuary)
  2 acid dragons
  Purgy (D:3)
  3 ice beasts
  5 orc warriors
  A necrophage (D:6)
  2 wolves (D:8)
  3 centaurs
  A phantom (D:4)
  5 bullfrogs
  2 kobold brigands
  A wyvern zombie (D:6)
  3 jellies (D:10)
  11 wights
  13 killer bees
  7 orc priests
  2 centaur zombies
  3 hounds
  A gnoll shaman (D:8)
  2 centaur skeletons (D:4)
  8 orc wizards
  A killer bee zombie (D:9)
  A hound skeleton (D:4)
  3 mummies (Ossuary)
  2 howler monkey zombies
  Robin (D:2)
  7 adders
  8 gnolls
  A shadow imp (D:5)
  2 ufetubi
  A worm (D:2)
  4 dart slugs
  22 orcs
  11 endoplasms
  2 giant cockroaches (D:1)
  3 gnoll zombies (Ossuary)
  8 hobgoblins
  4 jackals (D:4)
  14 kobolds
  A quokka (D:3)
  8 ball pythons
  6 bats
  5 frilled lizards
  2 gnoll skeletons (Ossuary)
  15 goblins
  9 goblin skeletons (Ossuary)
  7 goblin zombies
  2 hobgoblin skeletons (Ossuary)
  A hobgoblin zombie (Ossuary)
  2 kobold skeletons (Ossuary)
  5 kobold zombies (Ossuary)
  3 orc skeletons (Ossuary)
  5 orc zombies (Ossuary)
  3 rats
  6 rat skeletons (Ossuary)
  6 rat zombies
292 creatures vanquished.

Vanquished Creatures (others)
  A wizard (D:10)
  A bullfrog (D:11)
  4 jellies
  2 killer bees (D:10)
  A kobold skeleton (Ossuary)
  21 fungi (D:11)
  19 plants (D:11)
49 creatures vanquished.

Grand Total: 341 creatures vanquished

Notes
Turn   | Place    | Note
-------+----------+-------------------------------------------
     0 | D:1      | leviel the Minotaur Fighter began the quest for the Orb.
     0 | D:1      | Reached XP level 1. HP: 19/19 MP: 0/0
   351 | D:1      | Reached XP level 2. HP: 27/27 MP: 1/1
   679 | D:1      | Found a faded altar of an unknown god.
  1052 | D:2      | Found a broken altar of Ashenzari.
  1059 | D:2      | Reached XP level 3. HP: 31/33 MP: 2/2
  1108 | D:2      | Reached skill level 3 in Axes
  1120 | D:2      | Noticed Robin
  1133 | D:2      | Killed Robin
  1393 | D:2      | Reached XP level 4. HP: 40/40 MP: 3/3
  1667 | D:2      | Reached skill level 4 in Axes
  1899 | D:3      | Noticed Purgy
  1911 | D:3      | Killed Purgy
  1912 | D:3      | Reached skill level 5 in Axes
  1912 | D:3      | Reached XP level 5. HP: 14/46 MP: 4/4
  2458 | D:3      | Found Ede Tuko's Weapon Emporium.
  2508 | D:3      | Found a basalt altar of Yredelemnul.
  3104 | D:4      | Found a sand-covered staircase.
  3124 | Ossuary  | Entered an ossuary
  3244 | Ossuary  | Reached skill level 1 in Dodging
  3439 | Ossuary  | Noticed Menkaure
  3455 | Ossuary  | Reached XP level 6. HP: 20/53 MP: 5/5
  3460 | Ossuary  | Killed Menkaure
  3461 | Ossuary  | Reached skill level 6 in Axes
  3871 | D:4      | Found a staircase to the Ecumenical Temple.
  3884 | Temple   | Entered the Ecumenical Temple
  4140 | Temple   | Became a worshipper of Zin the Law-Giver
  4140 | Temple   | Reached * piety under Zin
  4216 | D:4      | Reached skill level 7 in Axes
  4216 | D:4      | Reached skill level 5 in Shields
  4216 | D:4      | Reached XP level 7. HP: 47/60 MP: 6/6
  4287 | D:4      | Noticed Grinder
  4303 | D:4      | Killed Grinder
  4304 | D:4      | Reached skill level 8 in Axes
  4304 | D:4      | Reached skill level 5 in Armour
  4545 | D:4      | Reached ** piety under Zin
  4952 | D:5      | Entered Level 5 of the Dungeon
  4959 | D:5      | Found Onem Tane's Assorted Antiques.
  4963 | D:5      | Bought a scroll labelled ROUKHL UNOEPS for 24 gold pieces
  4963 | D:5      | Bought a yellow potion for 21 gold pieces
  4963 | D:5      | Bought a scroll labelled ROUKHL UNOEPS for 24 gold pieces
  5167 | D:5      | Noticed Pikel
  5192 | D:5      | Killed Pikel
  5193 | D:5      | Reached skill level 5 in Fighting
  5193 | D:5      | Reached XP level 8. HP: 17/70 MP: 5/7
  6042 | D:6      | Found Ohottecs's Armour Shoppe.
  6050 | D:6      | Bought a +1 pair of boots of flying for 181 gold pieces
  6067 | D:6      | Found a shimmering blue altar of Sif Muna.
  6132 | D:6      | Reached skill level 9 in Axes
  6859 | D:7      | Reached XP level 9. HP: 65/78 MP: 8/8
  6907 | D:7      | Found an ornate altar of the Wu Jian Council.
  6949 | D:7      | Reached *** piety under Zin
  7355 | D:8      | Found a transporter.
  7376 | D:8      | Noticed a two-headed ogre
  7386 | D:8      | Killed a two-headed ogre
  7387 | D:8      | Reached skill level 10 in Axes
  7576 | D:8      | Found the +7 sceptre of Torment {pain, torment}
  7712 | D:8      | Found a transporter.
  7865 | D:8      | Found a shadowy altar of Dithmenos.
  8150 | D:8      | Noticed Grum
  8159 | D:8      | Reached skill level 11 in Axes
  8180 | D:8      | Killed Grum
  8185 | D:8      | Reached XP level 10. HP: 19/89 MP: 9/9
  8508 | D:9      | Reached skill level 1 in Invocations
  8528 | D:9      | Reached **** piety under Zin
  8966 | D:9      | Noticed a two-headed ogre
  8977 | D:9      | Killed a two-headed ogre
  8978 | D:9      | Reached skill level 12 in Axes
  9111 | D:10     | Entered Level 10 of the Dungeon
  9332 | D:10     | Found a hazy altar of Hepliaklqana.
  9332 | D:10     | Found a sparkling altar of Nemelex Xobeh.
  9333 | D:10     | Found a blossoming altar of Fedhas.
  9470 | D:10     | Reached XP level 11. HP: 95/97 MP: 12/12
  9751 | D:10     | Noticed a two-headed ogre
  9761 | D:10     | Killed a two-headed ogre
  9827 | D:10     | Found a viscous altar of Jiyva.
  9838 | D:10     | Fell from the grace of Zin
  9838 | D:10     | Became a worshipper of Jiyva Jesunem the Shapeless
  9996 | D:10     | Found a bloodstained altar of Trog.
  9997 | D:10     | Noticed a wizard
 10003 | D:10     | Killed a wizard
 10679 | D:6      | Reached * piety under Jiyva
 11186 | D:8      | Reached ** piety under Jiyva
 11621 | D:10     | Reached *** piety under Jiyva
 11788 | D:11     | Noticed a brown ugly thing
 11798 | D:11     | Killed a brown ugly thing
 11799 | D:11     | Reached skill level 13 in Axes
 11885 | D:11     | Found a staircase to the Orcish Mines.
 11914 | D:11     | Reached skill level 10 in Armour
 11914 | D:11     | Reached skill level 10 in Shields
 11965 | D:11     | Reached skill level 10 in Fighting
 12024 | D:11     | Gained mutation: You have acidic saliva. [Jiyva's grace]
 12197 | D:11     | Found a staircase to the Lair.
 12426 | D:12     | Lost mutation: You have acidic saliva. [the wrath of Zin]
 12448 | D:12     | Found Jipajum's Distillery.
 12462 | D:12     | Noticed Sonja
 12462 | D:12     | Noticed an eight-headed hydra
 12483 | D:12     | Asphyxiated

Illustrated notes

Levels and vault maps discovered:
D:1:      lightli_arrival_flooded_house, layout_loops_corners,
          ebering_ecumenical_altar_box
D:2:      layout_basic, basic_altar, uniq_robin
D:3:      layout_basic, old_standard_altar, serial_shops,
          nicolae_shop_statue_plus, uniq_purgy
D:4:      layout_basic, temple_green, enter_ossuary_4, serial_glass,
          glass_columns_a, glass_columns_b, uniq_grinder
D:5:      layout_basic, serial_shops, nicolae_shop_trees, uniq_pikel
D:6:      layout_rooms, lemuel_round_altar, serial_shops, shop
D:7:      layout_rooms, amcnicky_altar_gilded, kennysheep_decorative_pillar
D:8:      gammafunk_steamed_eel, layout_loops_cross, grunt_dithmenos_smoke,
          supply_closet_lemuel, serial_park_tiny_pond, st_stairs_10,
          minmay_microvault, uniq_grum
D:9:      layout_roguey, minmay_misc_feat_square
D:10:     layout_basic, trog_wizard, chequers_temple_overflow_statue_of_worship,
          jiyva_altar_1
D:11:     layout_small_grid, grunt_lair_entry_orc_guard_hut, orc_0_dummy
D:12:     layout_cave_pools, serial_shops, nicolae_shop_waterfront, uniq_sonja
Temple:   dpeg_chambers_temple

Skill      XL: |  1  2  3  4  5  6  7  8  9 10 11 |
---------------+----------------------------------+-----
Shields        | 4 5 6 7 8 9 10 | 10.3
Axes           | 3 5 7 8 9 11 12 13 | 13.5
Fighting       | 4 5 6 8 9 10 | 10.2
Armour         | 4 6 7 8 9 10 | 10.3
Dodging        | 1 |  1.1
Invocations    | 3 4 |  4.8

Action                   |  1- 3 |  4- 6 |  7- 9 | 10-12 || total
-------------------------+-------+-------+-------+-------++-------
Melee: War axe           |    92 |   167 |   284 |   365 ||   908
       Headbutt          |     8 |    26 |    55 |    83 ||   172
       Bite              |       |       |       |     2 ||     2
Throw: Javelin           |       |       |       |     2 ||     2
Invok: Vitalisation      |       |       |     1 |       ||     1
       Request Jelly     |       |       |       |     6 ||     6
Evoke: Wand              |       |       |       |     2 ||     2
  Use: Potion            |       |     3 |     5 |     3 ||    11
       Scroll            |       |       |     1 |    25 ||    26
 Stab: Invisible         |       |       |       |     1 ||     1
Armor: Scale mail        |    53 |    75 |    16 |       ||   144
       Skin              |       |    14 |       |       ||    14
       Plate armour      |       |       |   130 |   245 ||   375
Dodge: Dodged            |    32 |    39 |    66 |    85 ||   222
Block: Kite shield       |    63 |    72 |   159 |   232 ||   526

Table legend: (Time is in decaauts)
 A = Elapsed time spent in this place.
 B = Non-inter-level travel time spent in this place.
 C = Inter-level travel time spent in this place.
 D = Time resting spent in this place.
 E = Time spent auto-exploring this place.
 F = Levels seen in this place.
 G = Mean time per level.
                   A        B        C        D        E       F      G
               +--------+--------+--------+--------+--------+-----+--------+
         Total |  12683 |  11846 |    837 |   1341 |   7589 |  14 |  905.9 |
       Dungeon |  11750 |  10973 |    777 |   1119 |   7175 |  12 |  979.2 |
        Temple |    277 |    217 |     60 |      0 |    209 |   1 |  277.0 |
       Ossuary |    655 |    655 |      0 |    222 |    205 |   1 |  655.0 |
               +--------+--------+--------+--------+--------+-----+--------+

Top non-repeatable levels by time:
    D:10: 1548 daAuts
     D:8: 1265 daAuts
     D:3: 1147 daAuts
     D:5: 1100 daAuts
     D:6: 1089 daAuts
     D:1: 1073 daAuts
     D:4: 1052 daAuts
     D:7: 908 daAuts
     D:2: 883 daAuts
     D:9: 864 daAuts
    D:11: 732 daAuts
 Ossuary: 655 daAuts
  Temple: 277 daAuts
    D:12: 84 daAuts
